 Dungeon Crawl Stone Soup version 0.30-a0-760-g5a9884bb7c (webtiles) character file.

Game seed: 8437289734072105292

210 cheesebisquit the Digger (level 5, -7/32 HPs)
             Began as a Gargoyle Earth Elementalist on Feb 10, 2023.
             Mangled by a wraith (10 damage)
             ... in an ossuary.
             The game lasted 00:11:01 (3197 turns).

cheesebisquit the Digger (GrEE)                     Turns: 3197, Time: 00:11:01

Health: -7/32      AC:  7    Str: 11    XL:     5   Next: 87%
Magic:  8/9        EV: 12    Int: 25    God:
Gold:   141        SH:  0    Dex: 16    Spells: 6/10 levels left

rFire   . . .      SeeInvis .    D - +1 morningstar
rCold   . . .      Faith    .    (no shield)
rNeg    + . .      Spirit   .    a - +0 robe
rPois   ∞          Reflect  .    (no helmet)
rElec   +          Harm     .    (no cloak)
rCorr   .          Rampage  .    i - +0 pair of gloves
Will    .....                    (no boots)
Stlth   ++                       t - amulet "Kitioni" {RegenMP Int+7}
HPRegen 0.25/turn                k - +6 ring of dexterity
MPRegen 0.51/turn                (no ring)

@: slowed, very slow
A: sickness immunity, AC +4, negative energy resistance 1, electricity
resistance, torment resistance 1, petrification resistance
a: no special abilities


You were in an ossuary.
You visited 1 branch of the dungeon, and saw 4 of its levels.
You also visited: Ossuary.

You collected 141 gold pieces.

Inventory:

Hand Weapons
 D - a +1 morningstar (weapon)
Missiles
 x - 3 throwing nets
Armour
 a - a +0 robe (worn)
 i - a +0 pair of gloves (worn)
Magical Staves
 e - a staff of conjuration
Jewellery
 k - a +6 ring of dexterity (left hand)
 t - the amulet "Kitioni" (around neck) {RegenMP Int+7}
   (You found it on level 2 of the Dungeon)

   [amulet of magic regeneration]

   It increases your rate of magic regeneration.
   Int:       It affects your intelligence (+7).
Scrolls
 c - a scroll of summoning
 d - 3 scrolls of enchant weapon
 g - a scroll of poison
 o - a scroll of torment
 q - a scroll of teleportation
 w - a scroll of blinking {unknown}
 A - a scroll of brand weapon {unknown}
 C - a scroll of acquirement {unknown}
Potions
 b - 2 potions of magic
 h - 2 potions of heal wounds {unknown}
 l - 3 potions of lignification {unknown}
 m - 3 potions of curing {unknown}
 n - a potion of invisibility {unknown}
 s - 4 potions of might {unknown}
 u - 3 potions of mutation {unknown}
 v - a potion of attraction {unknown}
 z - a potion of cancellation {unknown}


   Skills:
 + Level 3.0 Fighting
 - Level 1.5 Dodging
 - Level 2.1 Stealth
 + Level 3.2 Spellcasting
 + Level 2.1 Conjurations
 - Level 0.7 Transmutations
 + Level 5.0 Earth Magic


You had 6 spell levels left.
You knew the following spells:

 Your Spells              Type           Power      Damage    Failure   Level
a - Sandblast             Erth           58%        2d13      1%          1
b - Stone Arrow           Conj/Erth      44%        3d9       7%          3

Your spell library contained the following spells:

 Spells                   Type           Power      Damage    Failure   Level
 Passwall                 Tmut/Erth      15%        N/A       4%          2
 Momentum Strike          Conj/Tloc      18%        3d8       10%         2
 Blink                    Tloc           8%         N/A       16%         2
 Lesser Beckoning         Tloc           8%         N/A       16%         2
 Ozocubu's Armour         Ice            4%         N/A       30%         3
 Petrify                  Tmut/Erth      18%        N/A       30%         4
 Ozocubu's Refrigeration  Ice            2%         4d7       100%        7


Dungeon Overview and Level Annotations

Branches:
Dungeon (4/15)            Ossuary (1/1)
 Temple: D:4-7

Altars:
Nemelex Xobeh
Sif Muna


Innate Abilities, Weirdness & Mutations

You are immune to sickness and miasma.
Your stone body is resilient. (AC +4)
You are immune to poison.
You resist negative energy. (rN+)
You are resistant to electric shocks. (rElec)
You are resistant to unholy torment.
You are immune to petrification.


Message History

The wraith hits you but does no damage.
The blast of sand hits the wraith but does no damage.
The wraith is moderately damaged.
The wraith hits you. The wraith drains your vigour!
You feel yourself slow down. The wraith hits you.
The wraith drains your vigour!
You feel as though you will be slow longer.
Okay, then.
The blast of sand hits the wraith but does no damage.
The wraith is lightly damaged.
The wraith hits you! The wraith misses you.
Aiming: Sandblast (safe; 1% risk of failure)
Press: ? - help, Q - select action, (/) - cycle Shift-Dir - straight line, f/p - wraith
Aim: a wraith (lightly damaged, 83% to hit)
The blast of sand hits the wraith!
The wraith is moderately damaged.
The wraith hits you. The wraith drains your vigour!
You feel as though you will be slow longer.
The wraith completely misses you.
Aiming: Sandblast (safe; 1% risk of failure)
Press: ? - help, Q - select action, (/) - cycle Shift-Dir - straight line, f/p - wraith
Aim: a wraith (moderately damaged, 83% to hit)
The blast of sand misses the wraith.
The wraith closely misses you. x2
Aiming: Sandblast (safe; 1% risk of failure)
Press: ? - help, Q - select action, (/) - cycle Shift-Dir - straight line, f/p - wraith
Aim: a wraith (moderately damaged, 83% to hit)
The blast of sand misses the wraith.
The wraith barely misses you. x2
Aiming: Sandblast (safe; 1% risk of failure)
Press: ? - help, Q - select action, (/) - cycle Shift-Dir - straight line, f/p - wraith
Aim: a wraith (moderately damaged, 83% to hit)
The blast of sand hits the wraith.
The wraith is heavily damaged.
The wraith hits you!
* * * LOW HITPOINT WARNING * * *
The wraith drains your vigour!
You feel as though you will be slow longer.
The wraith hits you!
You die...

#..####.####.....####.####..#
#...........................#
#............#.#............#
#..####......#'#......####..#
#..#.'...8...#.#...8...+ #..#
#..####......###......####..#
#...........................#
#...........................#
#..#.#..#.#..#@#..#.#..#.#..#
#..#'#..#'#..#W#..#+#..#
#..#.#..#!#..#?#..# .#
#..###..###..###..###..#
#.......................
#.......................
#############'''########
##...## ##.....##


You could see a wraith.

Vanquished Creatures
  An elf zombie (Ossuary)
  2 mummies (Ossuary)
  4 adders
  4 dart slugs
  3 worms
  An orc (D:3)
  2 endoplasms (D:1)
  2 giant cockroaches (D:1)
  A gnoll zombie (Ossuary)
  5 goblins
  4 hobgoblins
  6 jackals (D:1)
  A quokka (D:3)
  4 ball pythons
  3 bats
  3 frilled lizards
  4 hobgoblin zombies (Ossuary)
  2 kobolds (D:2)
  3 kobold zombies (Ossuary)
  7 rats
62 creatures vanquished.

Notes
Turn   | Place    | Note
-------+----------+-------------------------------------------
     0 | D:1      | cheesebisquit the Gargoyle Earth Elementalist began the
                  | quest for the Orb.
     0 | D:1      | Reached XP level 1. HP: 10/10 MP: 3/3
   104 | D:1      | Reached XP level 2. HP: 4/16 MP: 0/5
   277 | D:1      | Reached skill level 1 in Fighting
   327 | D:1      | Reached skill level 4 in Earth Magic
   501 | D:1      | Reached XP level 3. HP: 20/20 MP: 2/6
  1311 | D:2      | Identified the amulet "Kitioni" {RegenMP Int+7}
  1322 | D:2      | Learned a level 3 spell: Stone Arrow
  1687 | D:3      | Reached XP level 4. HP: 26/26 MP: 6/8
  1839 | D:3      | Found a shimmering blue altar of Sif Muna.
  1839 | D:3      | Found a sparkling altar of Nemelex Xobeh.
  2110 | D:3      | Reached skill level 1 in Conjurations
  2513 | D:4      | Found a sand-covered staircase.
  2520 | Ossuary  | Entered an ossuary
  2520 | Ossuary  | Noticed a wraith
  2520 | Ossuary  | Noticed a wraith
  2520 | Ossuary  | Noticed a wraith
  2998 | Ossuary  | Reached skill level 5 in Earth Magic
  2998 | Ossuary  | Reached XP level 5. HP: 29/32 MP: 6/9
  3188 | Ossuary  | Noticed a wraith
  3197 | Ossuary  | Mangled by a wraith

Illustrated notes

Levels and vault maps discovered:
D:1:      scummos_arrival_simple_fountains, layout_rooms, amethyst_killhole
D:2:      layout_basic, corexii_shack, st_stairs_6
D:3:      layout_basic, gammafunk_temple_overflow_elements
D:4:      layout_basic, nicolae_ossuary_entry_ruins,
          nicolae_kite_square_tiling_tiny
Ossuary:  ossuary_kennysheep_city_of_the_dead

Skill      XL: |  1  2  3  4  5 |
---------------+----------------+-----
Fighting       | 1 2 3 |  3.0
Earth Magic    | 4 5 |  5.0
Conjurations   | 1 2 |  2.1
Spellcasting   | 3 |  3.2
Dodging        | |  1.5
Stealth        | |  2.1
Transmutations | |  0.7

Action                     |  1- 3 |  4- 6 || total
---------------------------+-------+-------++-------
  Melee: Unarmed           |     4 |       ||     4
         Club              |     8 |       ||     8
   Cast: Sandblast         |    52 |    52 ||   104
    Use: Scroll            |       |     8 ||     8
 Armour: Robe              |     8 |     3 ||    11
  Dodge: Dodged            |    11 |    16 ||    27

Table legend: (Time is in decaauts)
 A = Elapsed time spent in this place.
 B = Non-inter-level travel time spent in this place.
 C = Inter-level travel time spent in this place.
 D = Time resting spent in this place.
 E = Time spent auto-exploring this place.
 F = Levels seen in this place.
 G = Mean time per level.
                   A        B        C        D        E       F      G
               +--------+--------+--------+--------+--------+-----+--------+
         Total |   3251 |   3040 |    211 |    498 |   2023 |   5 |  650.2 |
       Dungeon |   2557 |   2346 |    211 |     57 |   1880 |   4 |  639.2 |
       Ossuary |    693 |    693 |      0 |    441 |    143 |   1 |  693.0 |
               +--------+--------+--------+--------+--------+-----+--------+

Top non-repeatable levels by time:
     D:3: 918 daAuts
     D:1: 789 daAuts
     D:2: 747 daAuts
 Ossuary: 693 daAuts
     D:4: 102 daAuts
